 Dungeon Crawl Stone Soup version 0.30-a0-634-g8abc85282e (webtiles) character file.

Game seed: 16389011608867878387

40 pokeman the Magician (level 3, -3/30 HPs)
             Began as a Deep Elf Hedge Wizard on Jan 14, 2023.
             Slain by Sigmund
             ... wielding a +0 scythe
              (4 damage)
             ... on level 2 of the Dungeon.
             The game lasted 00:02:36 (1599 turns).

pokeman the Magician (Deep Elf Hedge Wizard)        Turns: 1599, Time: 00:02:36

Health: -3/30      AC: 21    Str:  7    XL:     3   Next: 30%
Magic:  1/11       EV:  2    Int: 20    God:
Gold:   60         SH:  0    Dex: 14    Spells: 4/12 levels left

rFire   . . .      SeeInvis .    a - +0 dagger
rCold   . . .      Faith    .    (no shield)
rNeg    . . .      Spirit   .    (body armour currently unavailable)
rPois   +          Reflect  .    (helmet currently unavailable)
rElec   .          Harm     .    (cloak currently unavailable)
rCorr   .          Rampage  .    (gloves currently unavailable)
Will    .....      NoTele   +    (boots currently unavailable)
Stlth   ++                       (no amulet)
HPRegen 0.25/turn                j - ring of flight
MPRegen 0.12/turn                (no ring)

@: lethally poisoned (-3 -> -3), tree-form, very slightly contaminated
A: stationary, stasis, torment immunity, boosted hp
a: no special abilities


You were on level 2 of the Dungeon.
You were a tree.
You visited 1 branch of the dungeon, and saw 2 of its levels.

You collected 60 gold pieces.

Inventory:

Hand Weapons
 a - a +0 dagger (weapon)
Armour
 b - a +0 robe (melded)
 c - a +0 hat (melded)
Jewellery
 j - a ring of flight (left branch)
Scrolls
 e - a scroll of enchant armour {unknown}
 h - a scroll of magic mapping {unknown}
 i - a scroll of teleportation {unknown}
Potions
 d - a potion of magic
 f - a potion of lignification
 g - a potion of curing {unknown}


   Skills:
 - Level 0.7 Fighting
 - Level 0.7 Armour
 - Level 2.4 Dodging
 - Level 2.4 Stealth
 - Level 5.1 Spellcasting
 + Level 2.1 Conjurations
 - Level 1.1 Summonings
 - Level 1.1 Translocations


You had 4 spell levels left.
You knew the following spells:

 Your Spells              Type           Power      Damage    Failure   Level
a - Magic Dart            Conj           52%        1d5       4%          1
b - Mephitic Cloud        Conj/Pois/Air  7%         N/A       26%         3
c - Call Imp              Summ           9%         N/A       11%         2
d - Blink                 Tloc           18%        N/A       11%         2

Your spell library contained the following spells:

 Spells                   Type           Power      Damage    Failure   Level
 Slow                     Hex            20%        N/A       12%         1
 Cigotuvi's Dreadful Rot  Necr/Pois/Air  10%        N/A       17%         2


Dungeon Overview and Level Annotations

Branches:
Dungeon (2/15)

Altars:

Annotations:
D:2 Sigmund


Message History

Ouch! That really hurt!
Your crimson imp hits Sigmund.
Unknown command.
Casting: Magic Dart (safe; 5% risk of failure)
Confirm with . or Enter, or press ? or * to list all spells.
Aiming: Magic Dart (safe; 5% risk of failure)
Press: ? - help, Shift-Dir - straight line, f/p - adder
Aim: an adder (almost dead, ally target, 100% to hit)
The magic dart hits the adder.
You kill the adder!
You feel sick.
Your crimson imp barely misses Sigmund.
Your Conjurations skill increases to level 2!
Casting: Magic Dart (safe; 4% risk of failure)
Confirm with . or Enter, or press ? or * to list all spells.
The spell is extremely dangerous to miscast (26% risk of failure)!
Continue anyway?
Aiming: Mephitic Cloud (extremely dangerous; 26% risk of failure)
Press: ? - help, Shift-Dir - straight line, f - Sigmund
Aim: Sigmund, wielding a +0 scythe and wearing a +0 robe (moderately wounded, ally target, chance to affect: 86%)
You miscast Mephitic Cloud.
You feel incredibly sick.
You are more poisoned.
* * * LOW HITPOINT WARNING * * *
x2 You feel sick.
Sigmund misses you.
Your crimson imp hits Sigmund.
Casting: Mephitic Cloud (extremely dangerous; 26% risk of failure)
Confirm with . or Enter, or press ? or * to list all spells.
You don't have enough magic to cast this spell.
There is a lethal amount of poison in your body!
It was a potion of lignification.
You turn into a tree.
Your +0 hat melds into your body.
Your +0 robe melds into your body.
Your roots penetrate the ground.
You feel sick.
Sigmund hits you from afar with a +0 scythe.
* * * LOW HITPOINT WARNING * * *
Your crimson imp hits Sigmund but does no damage.
You cannot move.
* * * LOW HITPOINT WARNING * * *
You feel sick.
Your crimson imp closely misses Sigmund.
* * * LOW HITPOINT WARNING * * *
You feel sick.
Sigmund hits you from afar with a +0 scythe.
You die...

#.#..####..###
#.#.######...#
####.......####.# #######
#......###.# #.# .......
#......# #.# .......
#......### ##.. .......
#........# #..#
......5###.....##.#.###..#
.......@†♣........#.....>.
.......###.....########.##
##.#### #.....#........#
#######.######## #.# #.#
#.# #.# #.#########


You could see Sigmund (ally target) and a friendly crimson imp (summoned).

Vanquished Creatures
  An adder (D:2)
  An endoplasm (D:2)
  A goblin (D:1)
  9 hobgoblins
  2 quokkas
  4 ball pythons
  A bat (D:1)
  A frilled lizard (D:2)
  5 kobolds (D:1)
  3 rats
28 creatures vanquished.

Notes
Turn   | Place    | Note
-------+----------+-------------------------------------------
     0 | D:1      | pokeman the Deep Elf Hedge Wizard began the quest for the
                  | Orb.
     0 | D:1      | Reached XP level 1. HP: 10/10 MP: 7/7
   359 | D:1      | Reached XP level 2. HP: 15/15 MP: 6/9
  1095 | D:2      | Reached skill level 5 in Spellcasting
  1361 | D:2      | Reached XP level 3. HP: 20/20 MP: 8/11
  1365 | D:2      | Learned a level 3 spell: Mephitic Cloud
  1368 | D:2      | Learned a level 2 spell: Call Imp
  1371 | D:2      | Learned a level 2 spell: Blink
  1570 | D:2      | Noticed Sigmund
  1599 | D:2      | HP: 1/30 [poisoned by miscasting Mephitic Cloud]
  1599 | D:2      | Slain by Sigmund

Illustrated notes

Levels and vault maps discovered:
D:1:      beargit_arrival_diablo_church, layout_basic
D:2:      layout_basic, uniq_sigmund

Skill      XL: |  1  2  3 |
---------------+----------+-----
Spellcasting   | 5 |  5.1
Conjurations   | 2 |  2.1
Fighting       | |  0.7
Armour         | |  0.7
Dodging        | |  2.4
Stealth        | |  2.4
Summonings     | |  1.1
Translocations | |  1.1

Action                   || total
-------------------------++-------
Melee: Dagger            ||    20
 Cast: Magic Dart        ||    74
       Mephitic Cloud    ||     1
       Call Imp          ||     1
  Use: Potion            ||     1
Armor: Robe              ||    10
Dodge: Dodged            ||    29

Table legend: (Time is in decaauts)
 A = Elapsed time spent in this place.
 B = Non-inter-level travel time spent in this place.
 C = Inter-level travel time spent in this place.
 D = Time resting spent in this place.
 E = Time spent auto-exploring this place.
 F = Levels seen in this place.
 G = Mean time per level.
                   A        B        C        D        E       F      G
               +--------+--------+--------+--------+--------+-----+--------+
         Total |   1598 |   1586 |     12 |      0 |   1411 |   2 |  799.0 |
       Dungeon |   1598 |   1586 |     12 |      0 |   1411 |   2 |  799.0 |
               +--------+--------+--------+--------+--------+-----+--------+

Top non-repeatable levels by time:
     D:1: 1081 daAuts
     D:2: 517 daAuts
